 Dungeon Crawl Stone Soup version 0.19.4-25-g1b72edd (webtiles) character file.

180 vatarom the Gusty (level 5, -3/29 HPs)
             Began as a Tengu Air Elementalist on Feb 28, 2017.
             Slain by an ogre
             ... wielding a cursed -1 giant club
              (13 damage)
             ... on level 4 of the Dungeon.
             The game lasted 00:06:30 (3232 turns).

vatarom the Gusty (Tengu Air Elementalist)          Turns: 3232, Time: 00:06:30

Health: -3/29      AC:  3    Str:  9    XL:     5   Next: 60%
Magic:  0/9        EV: 12    Int: 16    God:
Gold:   280        SH:  0    Dex: 14    Spells: 4 memorised, 0 levels left

rFire  . . .     SeeInvis .     h - +1 long sword
rCold  . . .     Gourm    .     a - +0 robe
rNeg   . . .     Faith    .     (no shield)
rPois  .         Spirit   .     (helmet restricted)
rElec  .         Reflect  .     i - +0 cloak
rCorr  .         Harm     .     (no gloves)
MR     .....                    (boots unavailable)
Stlth  ++........               (no amulet)
                                (no ring)
                                (no ring)

@: about to teleport, repel missiles
A: beak, talons 3, able to fly 1
a: Fly


You were on level 4 of the Dungeon.
You were hungry.

You visited 1 branch of the dungeon, and saw 4 of its levels.

You collected 280 gold pieces.

Inventory:

Hand Weapons
 h - a +1 long sword (weapon)
Armour
 a - a +0 robe (worn)
 i - a +0 cloak (worn)
Wands
 f - a wand of iceblast (11/15)
Scrolls
 e - 2 scrolls of amnesia
 j - 3 scrolls of identify
 k - 2 scrolls of teleportation
Potions
 d - a potion of heal wounds
 l - a potion of curing {unknown}
 m - a potion of berserk rage
 n - 2 potions of haste
 o - 2 potions of cure mutation {unknown}
Books
 b - a book of Air

   Spells                             Type                      Level
   a - Shock                          Conjuration/Air              1
   b - Swiftness                      Charms/Air                   2
   c - Repel Missiles                 Charms/Air                   2
   d - Static Discharge               Conjuration/Air              3
   e - Lightning Bolt                 Conjuration/Air              5
Comestibles
 c - 2 bread rations
 g - a slice of pizza


   Skills:
 + Level 1.0 Fighting
 - Level 2.1 Dodging
 - Level 2.0 Stealth
 - Level 2.0 Spellcasting
 - Level 1.3 Conjurations
 - Level 7.9 Air Magic


You couldn't memorise any spells.
You knew the following spells:

 Your Spells              Type           Power        Failure   Level  Hunger
a - Shock                 Conj/Air       ###.         3%          1    #......
b - Repel Missiles        Chrm/Air       ##....       10%         2    ###....
c - Swiftness             Chrm/Air       ##......     10%         2    ###....
d - Static Discharge      Conj/Air       ###.....     12%         3    ###....


Dungeon Overview and Level Annotations

Branches:
Dungeon (4/15)
 Temple: D:4-7

Altars:


Innate Abilities, Weirdness & Mutations

You have a beak for a mouth.
You have claws for feet.
You can fly.


Message History

The zap hits the goblin.
You kill the goblin!
Your Fighting skill increases to level 1!
The ogre closely misses you.
Casting: Shock
Confirm with . or Enter, or press ? or * to list all spells.
Aiming: Shock
Press: ? - help, Shift-Dir - straight line, f/p - ogre
Aim: an ogre, wielding a giant club (severely wounded)
The zap hits the ogre.
The ogre is almost dead.
The zap misses the goblin.
The zap hits the hound.
The hound is heavily wounded.
You are feeling hungry.
The ogre hits you with a giant club!
Ouch! That really hurt!
Okay, then.
As you read the scroll of teleportation, it crumbles to dust.
You feel strangely unstable. The ogre hits you with a giant club!
You die...

##.........##
###.8...8.## #... #
#.......# ..)# #
#.##.#.#.## ....#
#.....###.# .)..#
####.#.#.#######gg...#
#.##..# #...#gh...#
#.###.###...Ogg....
#.###..##..@#
#.##.....#.## ####
#.#..#+#...# ...#
#.#.# ##..# ##.# ...
#...# #.# ..## ###..#
#.##.# #.# #.##. .#
#.# .#


You could see an ogre, a hound, 2 hobgoblins and 3 goblins.

Vanquished Creatures
  A phantom (D:4)
  Robin (D:4)
  An adder (D:4)
  A worm (D:2)
  3 dart slugs (D:1)
  A leopard gecko (D:2)
  4 orcs
  6 bats
  4 giant cockroaches
  9 goblins
  4 hobgoblins
  3 jackals (D:3)
  9 kobolds
  A quokka (D:2)
  2 ball pythons
  3 frilled lizards
  2 rats
55 creatures vanquished.

Notes
Turn   | Place    | Note
-------+----------+-------------------------------------------
     0 | D:1      | vatarom the Tengu Air Elementalist began the quest for the Orb.
     0 | D:1      | Reached XP level 1. HP: 10/10 MP: 4/4
   192 | D:1      | Reached XP level 2. HP: 8/15 MP: 0/6
   348 | D:1      | Learned a level 2 spell: Repel Missiles
   351 | D:1      | Learned a level 2 spell: Swiftness
   361 | D:1      | Reached skill level 5 in Air Magic
   826 | D:1      | Reached XP level 3. HP: 19/19 MP: 5/7
  1997 | D:2      | Reached skill level 6 in Air Magic
  2740 | D:3      | Reached XP level 4. HP: 22/24 MP: 8/8
  2856 | D:4      | Noticed a phantom
  2868 | D:4      | Killed a phantom
  2868 | D:4      | Reached skill level 7 in Air Magic
  2868 | D:4      | Gained mutation: You can fly. [Tengu growth]
  2868 | D:4      | Reached XP level 5. HP: 28/28 MP: 1/9
  2951 | D:4      | Learned a level 3 spell: Static Discharge
  3224 | D:4      | Noticed Robin
  3224 | D:4      | Noticed an ogre
  3228 | D:4      | Killed Robin
  3230 | D:4      | Reached skill level 1 in Fighting
  3232 | D:4      | Slain by an ogre

Skill      XL: |  1  2  3  4  5 |
---------------+----------------+-----
Air Magic      | 5 6 7 |  7.9
Fighting       | 1 |  1.0
Dodging        | |  2.1
Stealth        | |  2.0
Spellcasting   | |  2.0
Conjurations   | |  1.3

Action                   |  1- 3 |  4- 6 || total
-------------------------+-------+-------++-------
Melee: Unarmed           |    13 |       ||    13
       Peck              |     6 |       ||     6
       Kick              |     8 |     1 ||     9
       Whip              |    17 |       ||    17
       Long sword        |    12 |     8 ||    20
 Cast: Shock             |    57 |    16 ||    73
       Repel Missiles    |     1 |       ||     1
       Static Discharge  |       |     1 ||     1
Evoke: Wand              |     1 |       ||     1
  Use: Potion            |     5 |       ||     5
       Scroll            |     7 |     2 ||     9
 Stab: Sleeping          |     1 |       ||     1
  Eat: Bread ration      |     1 |       ||     1
       Pizza             |     1 |       ||     1
       Beef jerky        |     1 |       ||     1
       Chunk             |       |     1 ||     1
Armor: Robe              |    17 |       ||    17
Dodge: Dodged            |    38 |    15 ||    53
       Rpst.: Long sword |     3 |     5 ||     8
